 Dungeon Crawl Stone Soup version bcrawl-1.17.3 (webtiles) character file.

Game seed: 16252240637774017640

210 JackS81 the Ruffian (level 5, -4/42 HPs)
             Began as an Oni Skald on Oct 31, 2019.
             Slain by a gnoll
             ... wielding a +0 spear
              (6 damage)
             ... on level 3 of the Dungeon.
             The game lasted 00:10:37 (3295 turns).

JackS81 the Ruffian (Oni Skald)                     Turns: 3295, Time: 00:10:38

Health: -4/42      AC:  3    Str: 14    XL:     5   Next: 87%
Magic:  7/10       EV: 12    Int: 16    God:
Gold:   188        SH:  0    Dex: 10    Spells: 6/8 levels left

rFire    . . .     SeeInvis .     - Unarmed
rCold    . . .     Gourm    .   (no shield)
rNeg     . . .     Faith    .   a - +0 leather armour
rPois    .         Spirit   .   (helmet restricted)
rElec    .         Reflect  .   (no cloak)
rCorr    .         Harm     .   (no gloves)
MR       .....                  (no boots)
Stlth    +.........             (no amulet)
HPRegen  0.14/turn              (no ring)
MPRegen  0.12/turn              (no ring)

@: no status effects
A: oni magic, claws 1, fangs 1, horns 1
a: no special abilities


You were on level 3 of the Dungeon.
You were not hungry.

You visited 1 branch of the dungeon, and saw 3 of its levels.

You collected 188 gold pieces.

Inventory:

Hand Weapons
 i - a cursed -2 hunting sling
Missiles
 e - 124 tomahawks (quivered)
Armour
 a - a +0 leather armour (worn)
 l - a +0 scale mail
 q - a +1 leather armour of magic resistance
Jewellery
 b - a cursed ring of attention {unknown}
 j - an uncursed ring of positive energy {unknown}
Wands
 t - a wand of digging (6)
Scrolls
 c - a scroll of fear
 g - 2 scrolls of enchant weapon {unknown}
 h - 6 scrolls of identify {unknown}
 k - a scroll of magic mapping {unknown}
 o - a scroll of teleportation {unknown}
 p - 2 scrolls of remove curse {unknown}
 r - a scroll of blinking {unknown}
 u - a scroll of amnesia {unknown}
Potions
 f - a potion of might
 m - a potion of haste {unknown}
 n - a potion of agility {unknown}
 s - a potion of curing {unknown}
Comestibles
 d - 7 rations {!d}


   Skills:
 + Level 2.5 Fighting
 + Level 2.3 Armour
 + Level 2.2 Dodging
 * Level 3.8 Unarmed Combat
 * Level 2.3 Spellcasting


You had 6 spell levels left.
You knew the following spells:

 Your Spells              Type           Power        Failure   Level  Hunger
a - Infusion              Chrm           ##......     9%          1    #......
b - Animate Skeleton      Necr           N/A          9%          1    #......

Your spell library contained the following spells:

 Spells                   Type           Power        Failure   Level  Hunger
 Song of Slaying          Chrm           ##......     12%         2    ###....
 Throw Frost              Conj/Ice       #.....       14%         2    ###....
 Ozocubu's Armour         Chrm/Ice       #.......     28%         3    ###....
 Regeneration             Chrm/Necr      #.........   28%         3    ###....
 Spectral Weapon          Hex/Chrm       #.......     28%         3    ###....


Dungeon Overview and Level Annotations

Branches:
Dungeon (3/12)

Altars:
Lugonu
Trog


Innate Abilities, Weirdness & Mutations

You learn spells by gaining experience, not through books or religion.
You only train spellcasting to practice magic.
You have sharp fingernails.
You have very sharp teeth.
You have a pair of small horns on your head.


Message History

You barely miss the gnoll. Your headbutt misses the gnoll.
The gnoll is moderately wounded.
The gnoll closely misses you.
You claw the gnoll!
You kill the gnoll!
The gnoll completely misses you.
You claw the gnoll! Your bite misses the gnoll.
The gnoll is severely wounded.
You are no longer magically infusing your attacks.
The gnoll hits you with a +0 whip! The gnoll misses you.
You scratch the gnoll. Your headbutt misses the gnoll.
The gnoll is lightly wounded.
The gnoll hits you with a +0 whip!
* * * LOW HITPOINT WARNING * * *
The gnoll hits you with a +0 spear!
* * * LOW HITPOINT WARNING * * *
You scratch the gnoll. Your headbutt misses the gnoll.
The gnoll is almost dead.
The gnoll barely misses you. The gnoll hits you with a +0 spear.
You die...

...........#...#.#######........#
......>.......)..#..............#
.................#..............#
............###.................#
#####........#+..).......########
#......#.##..........#
#......#.............#
#......#...g.........#
#########..#@#.......#
#..#g######### ####..#.#
#.....#.# #.......# #..........#
#............. #.............
#...g...>......


You could see 2 gnolls.

Vanquished Creatures
  A hound (D:3)
  Terence (D:2)
  Robin (D:2)
  4 adders (D:3)
  2 gnolls
  2 oozes
  2 worms (D:3)
  A dart slug (D:1)
  4 leopard geckos
  8 orcs (D:3)
  3 bats
  8 hobgoblins
  2 jackals (D:1)
  5 kobolds
  2 quokkas
  4 ball pythons
  2 frilled lizards
  8 goblins (D:2)
  7 rats
67 creatures vanquished.

Vanquished Creatures (collateral kills)
  A bat (D:3)
  A goblin (D:3)
  A frilled lizard (D:1)
  A rat (D:2)
4 creatures vanquished.

Grand Total: 71 creatures vanquished

Notes
Turn   | Place    | Note
-------+----------+-------------------------------------------
     0 | D:1      | JackS81 the Oni Skald began the quest for the Orb.
     0 | D:1      | Reached XP level 1. HP: 17/17 MP: 4/4
   238 | D:1      | Reached XP level 2. HP: 16/24 MP: 4/6
   242 | D:1      | Learned a level 1 spell: Animate Skeleton
   358 | D:1      | Reached skill level 1 in Armour
   843 | D:2      | Reached XP level 3. HP: 18/30 MP: 7/7
  1112 | D:2      | Noticed Robin
  1124 | D:2      | Killed Robin
  1124 | D:2      | Reached XP level 4. HP: 25/37 MP: 2/8
  1540 | D:2      | Found a corrupted altar of Lugonu.
  1646 | D:2      | Noticed Terence
  1654 | D:2      | Killed Terence
  1654 | D:2      | Reached skill level 3 in Unarmed Combat
  1733 | D:2      | Found a bloodstained altar of Trog.
  2391 | D:3      | Reached XP level 5. HP: 23/42 MP: 1/10
  3294 | D:3      | HP: 2/42 [gnoll/+0 spear (7)]
  3295 | D:3      | Slain by a gnoll

Skill      XL: |  1  2  3  4 |
---------------+-------------+-----
Armour         | 1 2 |  2.3
Dodging        | 2 |  2.2
Unarmed Combat | 3 |  3.8
Spellcasting   | 2 |  2.3
Fighting       | |  2.5

Action                   |  1- 3 |  4- 6 || total
-------------------------+-------+-------++-------
Melee: Unarmed           |    64 |   132 ||   196
       Headbutt          |     6 |    19 ||    25
       Bite              |     2 |     9 ||    11
       Punch             |     1 |     1 ||     2
 Cast: Animate Skeleton  |     5 |    14 ||    19
       Infusion          |     3 |    10 ||    13
  Use: Potion            |     1 |     1 ||     2
 Stab: Distracted        |       |     2 ||     2
  Eat: Chunk             |     1 |     7 ||     8
Armor: Leather armour    |    18 |    23 ||    41
Dodge: Dodged            |    40 |    80 ||   120
